 Dungeon Crawl Stone Soup version 0.29.1-14-g9c671dbff4 (webtiles) character file.

Game seed: 10167815364266410185

19560 Anriel the Nimble (level 13, -6/93 HPs)
             Began as a Human Gladiator on Feb 16, 2023.
             Was an Elder of Vehumet.
             Mangled by a ten-headed hydra (9 damage)
             ... on level 12 of the Dungeon.
             The game lasted 01:16:26 (8739 turns).

Anriel the Nimble (Human Gladiator)                 Turns: 8739, Time: 01:16:27

Health: -6/93      AC: 19    Str: 16    XL:     13   Next: 5%
Magic:  20/20      EV: 19    Int: 12    God:    Vehumet [****..]
Gold:   358        SH:  0    Dex: 25    Spells: 16/22 levels left

rFire   + + .      SeeInvis .   E - +7 great sword of Tetolice {pain, rF+}
rCold   + . .      Faith    .   (shield currently unavailable)
rNeg    . . .      Spirit   .   m - +4 ring mail of the Endless Expanse {rF- Int+4 Slay+2}
rPois   +          Reflect  .   c - +2 helmet
rElec   +          Harm     .   g - +0 cloak
rCorr   +          Rampage  .   G - +2 pair of gloves
Will    .....                   j - +0 pair of boots
Stlth   +.........              h - amulet of regeneration
HPRegen 1.05/turn               F - ring of protection from fire
MPRegen 0.17/turn               x - +6 ring of dexterity

@: resistant
A: no striking features
a: Renounce Religion


You were on level 12 of the Dungeon.
You worshipped Vehumet.
Vehumet was greatly pleased with you.
You visited 2 branches of the dungeon, and saw 13 of its levels.
You also visited: Bailey.

You collected 577 gold pieces.
You spent 219 gold pieces at shops.

Inventory:

Hand Weapons
 a - a +0 vampiric long sword
 s - a +2 shortbow of venom
 C - a +1 scimitar
 E - the +7 great sword of Tetolice (weapon) {pain, rF+}
   (You acquired it in a bailey)

   In the hands of one skilled in necromantic magic, it inflicts extra damage on
   living creatures.
   rF:        It protects you from fire.
 K - a +2 arbalest of freezing
 N - a +5 shortbow
 R - the +14 obsidian axe {vorpal, Mesm Drain Fly SInv}
   (You found it on level 10 of the Dungeon)

   It inflicts extra damage upon your enemies.
   It occasionally summons demons to assist the wielder when it strikes in
   combat.
   Its wielder is mesmerised by any visible foes.
   It cannot be unequipped while any foes are visible.
   SInv:      It lets you see invisible.
   Fly:       It grants you flight.
   Drain:     It drains your maximum health when unequipped.
Missiles
 d - 3 throwing nets (quivered)
 e - 5 javelins
 D - 8 boomerangs
Armour
 c - a +2 helmet (worn)
 g - a +0 cloak (worn)
 j - a +0 pair of boots (worn)
 m - the +4 ring mail of the Endless Expanse (worn) {rF- Int+4 Slay+2}
   (You found it on level 3 of the Dungeon)

   Int:       It affects your intelligence (+4).
   Slay:      It affects your accuracy & damage with ranged weapons and melee
   (+2).
   rF:        It makes you vulnerable to fire.
 p - a +3 ring mail
 w - the +0 leather armour of Pufitag {Rampage rElec rF+ Dex+3}
   (You found it on level 3 of the Dungeon)

   Dex:       It affects your dexterity (+3).
   rF:        It protects you from fire.
   rElec:     It insulates you from electricity.
   Rampage:   It bestows one free step when moving towards enemies.
 G - a +2 pair of gloves (worn)
 P - +0 steam dragon scales
 Q - a +0 crystal plate armour
 U - +0 acid dragon scales
 W - +0 acid dragon scales
Jewellery
 h - an amulet of regeneration (around neck)
 l - a ring of resist corrosion
 v - a ring of fire
 x - a +6 ring of dexterity (right hand)
 z - a ring of positive energy
 A - an amulet of reflection
 F - a ring of protection from fire (left hand)
Wands
 y - a wand of flame (24)
 H - a wand of charming (17)
 J - a wand of acid (9)
 S - a wand of mindburst (5)
Scrolls
 o - 3 scrolls of amnesia
 q - 2 scrolls of magic mapping
 u - 2 scrolls of teleportation
 M - 2 scrolls of poison
Potions
 b - 2 potions of attraction
 f - 2 potions of brilliance
 i - 4 potions of lignification
 k - 2 potions of cancellation
 n - 3 potions of flight
 r - a potion of berserk rage
 t - 3 potions of curing
 B - 2 potions of resistance
 I - 2 potions of mutation
 L - 3 potions of might {unknown}
 O - 2 potions of magic {unknown}
 V - a potion of degeneration {unknown}


   Skills:
 - Level 6.2 Fighting
 - Level 10.0 Long Blades
 - Level 10.0 Ranged Weapons
 - Level 2.0 Throwing
 - Level 5.0 Armour
 + Level 10.0 Dodging
 - Level 5.0 Spellcasting
 - Level 5.1 Conjurations
 + Level 1.6 Translocations
 - Level 5.1 Earth Magic
 - Level 4.4 Evocations


You had 16 spell levels left.
You knew the following spells:

 Your Spells              Type           Power      Damage    Failure   Level
a - Sandblast             Erth           30%        2d9       1%          1
b - Magic Dart            Conj           60%        1d6       1%          1
c - Iskenderun's Mystic   Conj/Tloc      11%        2d4       22%         4

Your spell library contained the following spells:

 Spells                   Type           Power      Damage    Failure   Level
 Yara's Violent Unravell  Hex/Tmut       1%         3d3       90%         5
 Apportation              Tloc           14%        N/A       19%         1
 Inner Flame              Hex/Fire       3%         N/A       26%         3
 Iskenderun's Battlesphe  Conj           15%        2d7       30%         5
 Gell's Gravitas          Tloc           7%         N/A       47%         3
 Lesser Beckoning         Tloc           7%         N/A       47%         3
 Teleport Other           Tloc           7%         N/A       47%         3
 Portal Projectile        Hex/Tloc       10%        N/A       58%         3
 Fireball                 Conj/Fire      4%         3d4       63%         5
 Call Canine Familiar     Summ           3%         N/A       71%         3
 Leda's Liquefaction      Hex/Erth       4%         N/A       77%         4
 Cause Fear               Hex            1%         N/A       98%         4
 Conjure Ball Lightning   Conj/Air       4%         3x3d6     98%         6
 Alistair's Intoxication  Tmut/Pois      2%         N/A       100%        5
 Dispersal                Tloc           3%         N/A       100%        6
 Orb of Destruction       Conj           7%         9d6       100%        7
 Borgnjor's Revivificati  Necr           1%         N/A       100%        8
 Discord                  Hex            1%         N/A       100%        8
 Necromutation            Tmut/Necr      1%         N/A       100%        8
 Death's Door             Necr           1%         N/A       100%        9


Dungeon Overview and Level Annotations

Branches:
Dungeon (12/15)            Temple (1/1) D:7            Lair (0/5) D:10
 Bailey (visited)
    Orc: D:9-12

Altars:
Ashenzari
Cheibriados
Dithmenos
Elyvilon
Fedhas
Gozag
Hepliaklqana
Kikubaaqudgha
Makhleb
Nemelex Xobeh
Okawaru
Qazlal
Ru
Sif Muna
Trog
Uskayaw
Vehumet
Wu Jian
Xom
Yredelemnul
Zin
The Shining One

Shops:
D:7 (

Annotations:
D:8 1 transporter
D:9 3 runed translucent doors, Silencio's ghost, journeyman DsBe


Message History

The ten-headed hydra closely misses you. x3
The ten-headed hydra bites you.
The ten-headed hydra bites you but does no damage.
The ten-headed hydra misses you. The ten-headed hydra barely misses you.
The ten-headed hydra bites you but does no damage.
You barely miss the ten-headed hydra.
The ten-headed hydra is lightly wounded.
The ten-headed hydra barely misses you.
The ten-headed hydra bites you but does no damage.
The ten-headed hydra misses you. x2
The ten-headed hydra completely misses you.
The ten-headed hydra bites you!
* * * LOW HITPOINT WARNING * * *
The ten-headed hydra bites you but does no damage.
The ten-headed hydra closely misses you. x2
The ten-headed hydra misses you.
You feel much better. The ten-headed hydra barely misses you.
The ten-headed hydra bites you!
The ten-headed hydra completely misses you.
The ten-headed hydra barely misses you.
The ten-headed hydra bites you but does no damage. x2
The ten-headed hydra misses you. x2; The ten-headed hydra bites you!
* * * LOW HITPOINT WARNING * * *
The ten-headed hydra bites you!
* * * LOW HITPOINT WARNING * * *
Okay, then.
Okay, then.
Aiming: Charm
Press: ? - help, Shift-Dir - straight line, f - ten-headed hydra, p - cyclops
Aim: a ten-headed hydra (lightly wounded, chance to affect: 26%)
The ten-headed hydra easily resists.
The ten-headed hydra bites you.
* * * LOW HITPOINT WARNING * * *
The ten-headed hydra bites you.
* * * LOW HITPOINT WARNING * * *
The ten-headed hydra closely misses you.
The ten-headed hydra bites you.
* * * LOW HITPOINT WARNING * * *
The ten-headed hydra closely misses you.
The ten-headed hydra bites you!
You die...

.. .....
#.####..####.
#............
#.C#.# ##D(.#
########.#.##
.......K###.#
######.CD#.##
#.##@## #.
#.# #. #.# #.
#.# #. #.##
.. #..# ##.#
#†# #<#


You could see a ten-headed hydra, a cyclops (poisoned) and a kobold
demonologist.

Vanquished Creatures
  A boulder beetle (D:11)
  2 two-headed ogres (D:10)
  An orc knight (Bailey)
  An ugly thing (D:12)
  5 cyclopes
  Maurice (D:8)
  2 trolls
  The ghost of Quickbrownfox the Chiller, an amateur DsIE of Gozag (D:7)
  A vampire (D:11)
  26 yaks
  4 wyverns
  2 steam dragons
  2 vampire mosquitoes (D:8)
  Menkaure (D:7)
  2 acid dragons (D:11)
  3 water moccasins
  12 orc warriors
  A black bear (D:5)
  2 sky beasts
  3 ogres
  3 centaurs
  3 kobold brigands
  2 bullfrogs
  2 gnoll sergeants
  2 necrophages
  A scorpion (D:6)
  15 wights
  11 killer bees (D:8)
  9 howler monkeys
  An electric eel (D:7)
  3 hounds (D:5)
  3 orc priests
  2 gnoll boudas
  4 iguanas
  13 orc wizards
  20 gnolls
  8 adders
  3 white imps
  An ufetubus (D:5)
  5 dart slugs
  59 orcs
  10 bats
  4 endoplasms
  4 giant cockroaches
  8 goblins
  10 hobgoblins
  4 quokkas
  8 ball pythons
  3 frilled lizards
  26 kobolds
  7 rats
327 creatures vanquished.

Vanquished Creatures (others)
  5 plants (D:9)
5 creatures vanquished.

Grand Total: 332 creatures vanquished

Notes
Turn   | Place    | Note
-------+----------+-------------------------------------------
     0 | D:1      | Anriel the Human Gladiator began the quest for the Orb.
     0 | D:1      | Reached XP level 1. HP: 16/16 MP: 1/1
   232 | D:1      | Reached XP level 2. HP: 9/22 MP: 2/2
   985 | D:1      | Reached XP level 3. HP: 20/28 MP: 3/3
  1342 | D:2      | Reached XP level 4. HP: 35/35 MP: 4/4
  1715 | D:3      | Identified the +4 ring mail of the Endless Expanse {rF-
                  | Int+4 Slay+2}
  2116 | D:3      | Identified the +0 leather armour of Pufitag {Rampage rElec
                  | rF+ Dex+3}
  2130 | D:3      | Found a shadowy altar of Dithmenos.
  2168 | D:3      | Reached XP level 5. HP: 41/41 MP: 5/5
  2364 | D:4      | Reached XP level 6. HP: 48/48 MP: 6/6
  2465 | D:4      | Found a bloodstained altar of Trog.
  2472 | D:4      | Reached skill level 1 in Ranged Weapons
  2614 | D:4      | Noticed an ogre
  2630 | D:4      | Killed an ogre
  3141 | D:5      | Entered Level 5 of the Dungeon
  3170 | D:5      | Reached XP level 7. HP: 50/54 MP: 7/7
  3179 | D:5      | Reached skill level 5 in Dodging
  3307 | D:5      | Noticed a water moccasin
  3316 | D:5      | Killed a water moccasin
  3317 | D:5      | Reached skill level 5 in Long Blades
  3317 | D:5      | Reached XP level 8. HP: 60/60 MP: 8/8
  3358 | D:5      | Reached skill level 5 in Ranged Weapons
  4051 | D:6      | Reached XP level 9. HP: 65/65 MP: 9/9
  4195 | D:6      | Reached skill level 1 in Armour
  4687 | D:7      | Found Ycecealo's Weapon Shoppe.
  4762 | D:7      | Bought 4 javelins for 38 gold pieces
  4762 | D:7      | Bought a +1 arbalest of freezing for 181 gold pieces
  4857 | D:7      | Found a staircase to the Ecumenical Temple.
  4866 | Temple   | Entered the Ecumenical Temple
  4902 | Temple   | Became a worshipper of Vehumet
  4933 | D:7      | Noticed Menkaure
  4941 | D:7      | Killed Menkaure
  4942 | D:7      | Reached skill level 1 in Spellcasting
  5050 | D:7      | Found a large runed translucent door.
  5050 | D:7      | Found a large runed translucent door.
  5054 | D:7      | Noticed Quickbrownfox's ghost (amateur DsIE)
  5079 | D:7      | Killed Quickbrownfox's ghost
  5426 | D:8      | Reached XP level 10. HP: 63/71 MP: 14/14
  5454 | D:8      | Found an iron altar of Okawaru.
  5490 | D:8      | Found a flagged portal.
  5496 | Bailey   | Entered a bailey
  5515 | Bailey   | Reached * piety under Vehumet
  5515 | Bailey   | Offered knowledge of Sandblast by Vehumet.
  5521 | Bailey   | Learned a level 1 spell: Sandblast
  5570 | Bailey   | Reached skill level 1 in Earth Magic
  5641 | Bailey   | Reached skill level 5 in Armour
  5641 | Bailey   | Reached XP level 11. HP: 81/81 MP: 17/17
  5658 | Bailey   | Reached skill level 5 in Earth Magic
  5677 | Bailey   | Reached skill level 10 in Dodging
  5693 | Bailey   | Noticed an orc knight
  5725 | Bailey   | Killed an orc knight
  5784 | Bailey   | Acquired the +7 great sword of Tetolice {pain, rF+}
  5926 | D:8      | Noticed Maurice
  5975 | D:8      | Killed Maurice
  5987 | D:8      | Found a transporter.
  5989 | D:8      | Found a transporter.
  5993 | D:8      | Found a transporter.
  6097 | D:8      | Offered knowledge of Magic Dart by Vehumet.
  6100 | D:8      | Learned a level 1 spell: Magic Dart
  6112 | D:8      | Reached ** piety under Vehumet
  6138 | D:8      | Found a transporter.
  6735 | D:9      | Offered knowledge of Mephitic Cloud by Vehumet.
  6789 | D:9      | Noticed a ten-headed hydra
  6791 | D:9      | Noticed Silencio's ghost (journeyman DsBe)
  6791 | D:9      | Noticed a ten-headed hydra
  6792 | D:9      | Found a runed translucent gate.
  6793 | D:9      | Found a runed translucent gate.
  6793 | D:9      | Found a runed translucent gate.
  6835 | D:9      | Reached *** piety under Vehumet
  6899 | D:9      | Reached XP level 12. HP: 84/88 MP: 18/18
  7001 | D:9      | Offered knowledge of Iskenderun's Mystic Blast by Vehumet.
  7007 | D:9      | Learned a level 4 spell: Iskenderun's Mystic Blast
  7415 | D:10     | Entered Level 10 of the Dungeon
  7415 | D:10     | Noticed a two-headed ogre
  7421 | D:10     | Killed a two-headed ogre
  7447 | D:10     | Noticed a two-headed ogre
  7457 | D:9      | Reached **** piety under Vehumet
  7467 | D:10     | Killed a two-headed ogre
  7492 | D:10     | Offered knowledge of Yara's Violent Unravelling by Vehumet.
  7499 | D:10     | Reached skill level 10 in Long Blades
  7530 | D:10     | Found a staircase to the Lair.
  7725 | D:10     | Found the +14 obsidian axe {vorpal, Mesm Drain Fly SInv}
  7785 | D:10     | Found a sparkling altar of Nemelex Xobeh.
  7785 | D:10     | Found an ancient bone altar of Kikubaaqudgha.
  7846 | D:11     | Reached skill level 1 in Conjurations
  7914 | D:11     | Reached skill level 10 in Ranged Weapons
  8122 | D:11     | Noticed a boulder beetle
  8136 | D:11     | Killed a boulder beetle
  8595 | D:12     | Noticed a two-headed ogre
  8599 | D:12     | Reached skill level 5 in Spellcasting
  8659 | D:12     | Reached skill level 1 in Translocations
  8659 | D:12     | Reached XP level 13. HP: 45/93 MP: 20/20
  8721 | D:12     | Reached skill level 5 in Conjurations
  8727 | D:12     | Noticed an eight-headed hydra
  8739 | D:12     | HP: 3/93 [ten-headed hydra (5)]
  8739 | D:12     | Mangled by a ten-headed hydra

Illustrated notes

Levels and vault maps discovered:
D:1:      lightli_arrival_statuegarden, layout_loops_ring, minmay_octomino_c4
D:2:      layout_rooms
D:3:      minmay_spotlight, layout_loops_cross, grunt_dithmenos_smoke
D:4:      layout_loops_ring, trog_hazing_becter, minmay_misc_feat_rows,
          chequers_jeans, minmay_between
D:5:      layout_cave_pools, nicolae_concentric_dashed_squares_mild,
          minmay_splitting_lines
D:6:      layout_basic, hangedman_abyss_or_decor_jellyfish_corner,
          nicolae_underground_beach
D:7:      layout_gridville, minmay_temple_entry_mini_moons,
          ebering_ghost_disaster_area, nicolae_inconvenience_store,
          uniq_menkaure
D:8:      layout_loops_ring, mainiacjoe_overflow_alcove_1, enter_bailey_2,
          minmay_misc_feat_tower, nicolae_transporter_circle, uniq_maurice
D:9:      layout_loops_ring, gammafunk_ghost_hydra_chop, glass_columns_a
D:10:     layout_cave_pools, gammafunk_temple_overflow_wave, lair_entry_dummy,
          serial_park_tiny_pond, dreamdust_deal_with_the_devil
D:11:     layout_irregular_city
D:12:     layout_loops_ring, erik_orc_1, minivault_20
Temple:   sentei_temple_godly_chess

Skill      XL: |  1  2  3  4  5  6  7  8  9 10 11 12 13 |
---------------+----------------------------------------+-----
Fighting       | 3 4 6 |  6.2
Long Blades    | 4 5 6 7 8 10 | 10.0
Dodging        | 4 5 8 9 10 | 10.0
Ranged Weapons | 2 4 5 6 8 10 | 10.0
Armour         | 2 5 |  5.0
Spellcasting   | 3 4 5 |  5.0
Earth Magic    | 4 5 |  5.1
Evocations     | 4 |  4.4
Conjurations   | 4 5 |  5.1
Translocations | 1 |  1.6
Throwing       | |  2.0

Action                   |  1- 3 |  4- 6 |  7- 9 | 10-12 | 13-15 || total
-------------------------+-------+-------+-------+-------+-------++-------
Melee: Long sword        |    95 |   145 |   248 |    72 |       ||   560
       Punch             |       |     1 |     4 |     1 |       ||     6
       Great sword       |       |       |       |   257 |     8 ||   265
 Fire: Sling             |       |       |    26 |       |       ||    26
       Shortbow          |       |       |    45 |   162 |     2 ||   209
Throw: Javelin           |     3 |     9 |     2 |       |       ||    14
       Throwing net      |     2 |     1 |       |     1 |       ||     4
 Cast: Sandblast         |       |       |       |    25 |     1 ||    26
Evoke: Wand              |       |       |       |       |     1 ||     1
  Use: Scroll            |     1 |     9 |    10 |    10 |       ||    30
       Potion            |       |       |     4 |     5 |     2 ||    11
 Stab: Sleeping          |     1 |     1 |     1 |       |       ||     3
Armor: Leather armour    |    40 |       |       |       |       ||    40
       Ring mail         |       |    76 |   111 |   170 |    11 ||   368
Dodge: Dodged            |    63 |    73 |   213 |   483 |    38 ||   870
